 Dungeon Crawl Stone Soup version 0.30-a0-414-gcb316572d5 (webtiles) character file.

Game seed: 15374670497417026113

217 flotson the Sneak (level 5, -1/42 HPs)
             Began as a Demonspawn Delver on Dec 8, 2022.
             Killed from afar by a white imp (6 damage)
             ... with a puff of frost
             ... on level 4 of the Dungeon.
             The game lasted 00:03:57 (3706 turns).

flotson the Sneak (Demonspawn Delver)               Turns: 3706, Time: 00:03:58

Health: -1/42      AC:  5    Str: 14    XL:     5   Next: 62%
Magic:  5/5        EV: 11    Int: 12    God:
Gold:   146        SH:  0    Dex: 16    Spells: 4/4 levels left

rFire   . . .      SeeInvis +    b - +0 morningstar
rCold   . . .      Faith    .    (no shield)
rNeg    + . .      Spirit   .    m - +0 ring mail
rPois   .          Reflect  .    (no helmet)
rElec   .          Harm     .    (no cloak)
rCorr   .          Rampage  .    (no gloves)
Will    .....                    (no boots)
Stlth   +++.......               (no amulet)
HPRegen 0.27/turn                t - ring of positive energy
MPRegen 0.09/turn                B - ring of see invisible

@: no status effects
A: thin skeletal structure 1, foul stench 1, weakness stinger 2
a: no special abilities


You were on level 4 of the Dungeon.
You visited 1 branch of the dungeon, and saw 5 of its levels.

You collected 146 gold pieces.

Inventory:

Hand Weapons
 a - a +4 short sword
 b - a +0 morningstar (weapon)
 p - a +0 hand axe
Missiles
 y - 11 poisoned darts (quivered)
Armour
 m - a +0 ring mail (worn)
Jewellery
 l - a ring of fire
 t - a ring of positive energy (left hand)
 B - a ring of see invisible (right hand)
Wands
 g - a wand of digging (3)
 j - a wand of roots (13)
Scrolls
 c - a scroll of fog
 d - a scroll of magic mapping
 e - a scroll of fear
 k - 4 scrolls of identify {unknown}
 n - a scroll of summoning {unknown}
 o - a scroll of brand weapon {unknown}
 q - 4 scrolls of teleportation {unknown}
 r - 2 scrolls of immolation
 s - a scroll of vulnerability {unknown}
 u - 3 scrolls of butterflies {unknown}
 v - a scroll of amnesia {unknown}
 w - a scroll of torment {unknown}
 z - a scroll of noise {unknown}
 A - a scroll of enchant weapon {unknown}
 C - a scroll of poison {unknown}
Potions
 f - 3 potions of haste
 h - 2 potions of heal wounds {unknown}
 i - 2 potions of attraction {unknown}
 x - a potion of berserk rage {unknown}


   Skills:
 + Level 3.6 Fighting
 - Level 1.7 Axes
 + Level 1.8 Throwing
 + Level 1.8 Armour
 + Level 2.7 Dodging
 - Level 5.0 Stealth
 + Level 2.1 Evocations


You had 4 spell levels left.
You didn't know any spells.
Your spell library was empty.

Dungeon Overview and Level Annotations

Branches:
Dungeon (5/15)
 Temple: D:4-7

Altars:
Yredelemnul

Shops:
D:2 *


Innate Abilities, Weirdness & Mutations

You have a somewhat thin skeletal structure. (Dex +2, Stealth+)
You may rarely emit foul miasma when damaged in melee.
You have a tail ending in a sharp stinger.


Message History

No target in view!
No target in view!
No target in view!
No target in view!
No target in view!
No target in view!
HP restored.
u - 3 scrolls labelled JUSA FOATUG (gained 1)
C - a scroll labelled ZOTHREMUOVE You now have 146 gold pieces (gained 7).
You open the door.
A white imp comes into view.
The white imp gestures at you. The puff of frost hits you!
Found a quarterstaff.
The white imp hits you. The white imp freezes you.
You barely miss the white imp.
Your tail-slap misses the white imp.
The white imp gestures at you. The puff of frost hits you!
You are too injured to fight recklessly!
You are too injured to fight recklessly!
You are too injured to fight recklessly!
You are too injured to fight recklessly!
You are too injured to fight recklessly!
You are too injured to fight recklessly!
You are too injured to fight recklessly!
You barely miss the white imp.
The white imp shouts, "Quit, thou beslubbering swag-bellied dewberry!"
The white imp gestures at you. The puff of frost misses you.
The white imp hits you. The white imp freezes you.
* * * LOW HITPOINT WARNING * * *
You barely miss the white imp. The white imp misses you.
You closely miss the white imp. The white imp hits you.
* * * LOW HITPOINT WARNING * * *
The white imp freezes you.
* * * LOW HITPOINT WARNING * * *
You emit a cloud of foul miasma!
The white imp gestures at you. The puff of frost hits you.
You die...

.........+.....#
.......<.#.....####
.........+........#
.........#........#
.........#........#
.........##....#######
.........##..........#
.........##..........#
..........#.....@....#
..........##....5....#
..........##.........#
.....................#
.....................#
.....................#
....................#
.............).#####


You could see a white imp.

Vanquished Creatures
  A hound (D:4)
  Natasha (thrice) (D:2)
  An orc wizard (D:3)
  An adder (D:3)
  2 worms
  2 dart slugs (D:1)
  3 orcs (D:3)
  4 endoplasms
  3 giant cockroaches
  7 goblins
  7 hobgoblins
  7 kobolds
  5 quokkas
  7 ball pythons
  5 bats
  3 frilled lizards
  4 rats
65 creatures vanquished.

Notes
Turn   | Place    | Note
-------+----------+-------------------------------------------
     0 | D:5      | flotson the Demonspawn Delver began the quest for the Orb.
     0 | D:5      | Reached XP level 1. HP: 18/18 MP: 1/1
    25 | D:5      | Noticed an orc wizard
   249 | D:3      | Gained mutation: You have a small tail. [demonic ancestry]
   249 | D:3      | Reached XP level 2. HP: 24/24 MP: 2/2
   687 | D:1      | Reached skill level 1 in Evocations
   713 | D:1      | Found a faded altar of an unknown god.
   725 | D:1      | Gained mutation: You have a tail ending in a sharp stinger.
                  | [demonic ancestry]
   725 | D:1      | Reached XP level 3. HP: 28/29 MP: 3/3
   825 | D:1      | Reached skill level 1 in Armour
  1223 | D:2      | Found Ynigakhi's General Store.
  1248 | D:2      | Noticed Natasha
  1256 | D:2      | Killed Natasha
  1257 | D:2      | Gained mutation: You have a somewhat thin skeletal
                  | structure. (Dex +2, Stealth+) [demonic ancestry]
  1257 | D:2      | Reached XP level 4. HP: 35/35 MP: 4/4
  1508 | D:2      | Reached skill level 1 in Throwing
  1869 | D:2      | Noticed Natasha
  2076 | D:2      | Found Ynigakhi's General Store.
  2310 | D:2      | Killed Natasha
  2466 | D:2      | Noticed Natasha
  2476 | D:2      | Killed Natasha
  2833 | D:3      | Found a basalt altar of Yredelemnul.
  2838 | D:3      | Gained mutation: You may rarely emit foul miasma when
                  | damaged in melee. [demonic ancestry]
  2838 | D:3      | Reached XP level 5. HP: 38/41 MP: 5/5
  2911 | D:3      | Reached skill level 5 in Stealth
  3706 | D:4      | Killed from afar by a white imp

Illustrated notes

Levels and vault maps discovered:
D:1:      lightli_molten_gateway, layout_basic,
          hellmonk_ecumenical_altar_blasted
D:2:      layout_loops_corners, serial_shops, shop, hangedman_decor_opposing,
          uniq_natasha
D:3:      minmay_general_purpose_star, layout_basic, yredelemnul_altar_generic,
          minmay_misc_feat_alley, chequers_serial_rivers_small_a
D:4:      layout_basic, marbit_many_paths, nicolae_elyvilon_temple_path,
          uniq_robin
D:5:      layout_rooms, mainiacjoe_overflow_small_starburst

Skill      XL: |  1  2  3  4  5 |
---------------+----------------+-----
Dodging        | 2 |  2.7
Evocations     | 1 2 |  2.1
Armour         | 1 |  1.8
Throwing       | 1 |  1.8
Stealth        | 5 |  5.0
Fighting       | |  3.6
Axes           | |  1.7

Action                   |  1- 3 |  4- 6 || total
-------------------------+-------+-------++-------
Melee: Hand axe          |    46 |       ||    46
       Short sword       |    57 |    60 ||   117
       Tailslap          |     8 |     9 ||    17
       Punch             |       |     1 ||     1
       Morningstar       |       |    11 ||    11
 Stab: Sleeping          |     7 |     5 ||    12
Armor: Chain mail        |    10 |       ||    10
       Leather armour    |     4 |       ||     4
       Ring mail         |    30 |    19 ||    49
Dodge: Dodged            |    47 |    29 ||    76

Table legend: (Time is in decaauts)
 A = Elapsed time spent in this place.
 B = Non-inter-level travel time spent in this place.
 C = Inter-level travel time spent in this place.
 D = Time resting spent in this place.
 E = Time spent auto-exploring this place.
 F = Levels seen in this place.
 G = Mean time per level.
                   A        B        C        D        E       F      G
               +--------+--------+--------+--------+--------+-----+--------+
         Total |   3717 |   3628 |     89 |     26 |   3024 |   5 |  743.4 |
       Dungeon |   3717 |   3628 |     89 |     26 |   3024 |   5 |  743.4 |
               +--------+--------+--------+--------+--------+-----+--------+

Top non-repeatable levels by time:
     D:2: 1718 daAuts
     D:3: 922 daAuts
     D:1: 750 daAuts
     D:4: 260 daAuts
     D:5: 65 daAuts
